 Dungeon Crawl Stone Soup version 0.31.0-32-g396128a36d (webtiles) character file.

Game seed: 913191281763334404

3821 H0rd4k the Martial Artist (level 10, -5/65 HPs)
             Began as an Octopode Artificer on Apr 23, 2024.
             Was an Initiate of Gozag.
             Slain by a killer bee (7 damage)
             ... on level 8 of the Dungeon on Apr 24, 2024.
             The game lasted 00:13:16 (8172 turns).

H0rd4k the Martial Artist (Octopode Artificer)      Turns: 8172, Time: 00:13:17

Health: -5/65      AC:  2    Str: 18      XL:     10   Next: 17%
Magic:  10/10      EV: 13    Int: 14 (17) God:    Gozag
Gold:   986        SH:  0    Dex: 11      Spells: 9/9 levels left

rFire   + .          .
                       - Unarmed
rCold   x . .        (no shield)
rNeg    . . .        (helmet restricted)
rPois   .            (no amulet)
rElec   .            k - ring of fire
rCorr   .            t - ring of see invisible
SInv    +            x - ring of wizardry
Will    .....        A - +6 ring of strength
Stlth   ++           (no ring)
HPRegen 0.00/turn    (no ring)
MPRegen 0.12/turn    (no ring)
                     (no ring)

%: wizardry (x1)
@: confused, lethally poisoned (-5 -> -20), ambrosia-drunk, inhibited regen
A: almost no armour, amphibious, 8 rings, camouflage 1, gelatinous body 1,
(nimble swimmer 1), tentacles, clumsy 1, shaggy fur 1, inhibited regeneration
a: Renounce Religion, Potion Petition, Call Merchant, Bribe Branch


You were on level 8 of the Dungeon.
You worshipped Gozag.
Gozag was pleased with you.
You visited 2 branches of the dungeon, and saw 10 of its levels.

You collected 1056 gold pieces.
You paid 70 gold pieces to Gozag.

Inventory:

Missiles
 z - a throwing net
 E - 5 poisoned darts (quivered)
 I - 2 atropa-tipped darts
Armour
 i - an orb of guile
Magical Staves
 f - a staff of alchemy
 C - a staff of earth
 K - a staff of conjuration
Jewellery
 b - a ring of positive energy
 k - a ring of fire (left tentacle)
 t - a ring of see invisible (right tentacle)
 x - a ring of wizardry (on tentacle)
 A - a +6 ring of strength (on tentacle)
Wands
 G - a wand of digging (7)
 M - a wand of flame (26)
Scrolls
 a - a scroll of blinking {unknown}
 d - 2 scrolls of teleportation
 e - a scroll of identify
 h - 2 scrolls of fog
 l - 4 scrolls of immolation
 m - a scroll of enchant armour
 o - a scroll of torment
 q - 3 scrolls of amnesia
 r - 4 scrolls of fear
 D - a scroll of poison
 J - a scroll of acquirement
Potions
 g - 2 potions of attraction
 n - a potion of resistance
 p - a potion of haste {unknown}
 u - a potion of mutation
 B - a potion of berserk rage {unknown}
 H - a potion of might {unknown}
 L - a potion of heal wounds {unknown}


   Skills:
 + Level 4.4 Fighting
 + Level 2.6 Throwing
 - Level 2.3 Dodging
 - Level 1.3 Stealth
 + Level 13.1 Unarmed Combat
 - Level 3.2 Evocations


You had 9 spell levels left.
You didn't know any spells.
Your spell library contained the following spells:

 Spells                   Type           Power      Damage    Failure   Level
 Blink                    Tloc           0%         N/A       17%         2
 Call Imp                 Summ           0%         N/A       17%         2
 Lesser Beckoning         Tloc           0%         N/A       17%         2
 Momentum Strike          Conj/Tloc      0%         3d8       17%         2
 Sublimation of Blood     Necr           0%         N/A       17%         2
 Gell's Gravitas          Tloc           0%         N/A       32%         3
 Inner Flame              Hex/Fire       0%         N/A       32%         3
 Teleport Other           Tloc           0%         N/A       32%         3
 Summon Lightning Spire   Summ/Air       0%         N/A       71%         4
 Alistair's Intoxication  Alch           0%         N/A       95%         5
 Borgnjor's Vile Clutch   Necr/Erth      0%         N/A       95%         5
 Irradiate                Conj/Alch      0%         3d11      95%         5
 Lee's Rapid Deconstruct  Erth           0%         3d4*      95%         5
 Eringya's Noxious Bog    Alch           0%         4d6       100%        6
 Summon Hydra             Summ           0%         N/A       100%        7
 Ignition                 Fire           0%         3d3       100%        8
 Animate Armour           Summ/Erth      Unusable   N/A       N/A         4

Dungeon Overview and Level Annotations

Branches:
Dungeon (9/15)             Temple (1/1) D:6            Lair (0/5) D:8
    Orc: D:9-12

Altars:
Ashenzari
Cheibriados
Elyvilon
Gozag
Hepliaklqana
Kikubaaqudgha
Nemelex Xobeh
Okawaru
Qazlal
Ru
Sif Muna
Trog
Uskayaw
Vehumet
Wu Jian
Zin

Shops:
D:5 ?   D:7 [

Annotations:
D:4 exclusion: upstairs
D:5 exclusion: downstairs, Edmund
D:7 1 runed translucent door, exclusion: door, Crazy Yiuf


Innate Abilities, Weirdness & Mutations

You cannot wear most types of armour.
You are amphibious.
You can wear up to eight rings at the same time.
Your skin changes colour to match your surroundings (Stealth+).
Your rubbery body absorbs attacks. (AC +1, EV +1)
((You are camouflaged when in or above water. (Stealth+)))
You have tentacles for arms and can constrict up to eight enemies at once.
You are clumsy. (Dex -2)
You are covered in fur. (AC +1)
You do not regenerate when monsters are visible.


Message History

You feel very sick. The killer bee barely misses you.
The killer bee completely misses you.
Unknown command.
Okay, then.
Unknown command.
Unknown command.
You are confused.
You feel invigorated.
You feel sick. The killer bee barely misses you. The killer bee stings you.
* * * LOW HITPOINT WARNING * * *
You bump into the rock wall.
You feel sick. The killer bee misses you. The killer bee barely misses you.
You bump into the rock wall.
You feel sick. The killer bee completely misses you.
The killer bee barely misses you.
You bump into the rock wall.
You feel sick. The killer bee stings you!
* * * LOW HITPOINT WARNING * * *
The killer bee stings you!
* * * LOW HITPOINT WARNING * * *
You bump into the rock wall.
You feel sick. The killer bee stings you.
* * * LOW HITPOINT WARNING * * *
You are lethally poisoned!
The killer bee poisons you! The killer bee misses you.
It was a potion of mutation.
You feel extremely strange.
You feel clumsy.
Your regeneration stops near monsters.
Fur sprouts all over your body.
* * * LOW HITPOINT WARNING * * *
You feel very sick. The killer bee closely misses you.
The killer bee stings you.
* * * LOW HITPOINT WARNING * * *
You are more poisoned.
The killer bee poisons you!
You are too confused!
It was a potion of magic.
Magic courses through your body.
* * * LOW HITPOINT WARNING * * *
You feel very sick. The killer bee stings you.
* * * LOW HITPOINT WARNING * * *
The killer bee stings you!
You die...
Your body crumbles into a pile of gold.

##.....##....## ###
##########...# ####..
#...#####..... # ##...#.....####
## #.[.##..#### .#########
##.####..# .........## ##.##
#..# ..........## ##[## #..#
...........#####@## #..#
.....##.....##ky## ##.##
............>..(# ##..######
...............## ##.........
##.............# ####..........
##............#####.............
#.>.................####......#.
#.................### ##.......
#...#.............# ##.>[...


You could see a wyvern and a killer bee.

Vanquished Creatures
  A two-headed ogre (D:8)
  Maurice (D:7)
  Jeremiah (D:8)
  A wyvern (D:7)
  A water moccasin (D:7)
  5 orc warriors
  A sky beast (D:8)
  A black bear (D:4)
  2 ogres
  A centaur (D:7)
  3 bullfrogs
  2 gnoll sergeants
  Blork the orc (D:4)
  A scorpion (D:5)
  A howler monkey (D:8)
  4 hounds
  5 bombardier beetles
  4 orc priests
  A gnoll bouda (D:6)
  An iguana (D:4)
  6 orc wizards
  8 gnolls
  3 adders
  A white imp (D:7)
  2 dart slugs
  A ribbon worm (D:3)
  27 orcs
  6 ball pythons
  7 endoplasms
  4 giant cockroaches
  5 goblins
  10 hobgoblins
  2 jackals (D:3)
  5 quokkas
  A bat (D:3)
  11 kobolds
  5 rats
142 creatures vanquished.

Vanquished Creatures (collateral kills)
  A sky beast (D:7)
  2 orc priests (D:6)
  2 gnolls
  4 orcs
9 creatures vanquished.

Vanquished Creatures (others)
  2 orc priests (D:6)
2 creatures vanquished.

Grand Total: 153 creatures vanquished

Notes
Turn   | Place    | Note
-------+----------+-------------------------------------------
     0 | D:1      | H0rd4k the Octopode Artificer began the quest for the Orb.
     0 | D:1      | Reached XP level 1. HP: 13/13 MP: 1/1
   342 | D:1      | Reached skill level 1 in Unarmed Combat
   424 | D:2      | Reached XP level 2. HP: 14/18 MP: 2/2
   431 | D:2      | Reached skill level 2 in Unarmed Combat
   532 | D:2      | Reached XP level 3. HP: 23/23 MP: 3/3
   722 | D:4      | Reached skill level 3 in Unarmed Combat
   722 | D:4      | Reached XP level 4. HP: 6/28 MP: 4/4
   824 | D:4      | Noticed a black bear
   827 | D:4      | Killed a black bear
   828 | D:4      | Reached skill level 5 in Unarmed Combat
   828 | D:4      | Reached XP level 5. HP: 33/33 MP: 5/5
   953 | D:4      | Noticed Blork the orc
   956 | D:4      | Killed Blork the orc
   957 | D:4      | Reached XP level 6. HP: 39/39 MP: 6/6
  1077 | D:5      | Entered Level 5 of the Dungeon
  1089 | D:5      | Noticed Edmund
  1158 | D:5      | Reached skill level 6 in Unarmed Combat
  1566 | D:5      | Reached skill level 7 in Unarmed Combat
  1566 | D:5      | Reached XP level 7. HP: 44/44 MP: 7/7
  1746 | D:5      | Found Miklemae's Magic Scroll Shoppe.
  1993 | D:6      | Found a staircase to the Ecumenical Temple.
  2002 | Temple   | Entered the Ecumenical Temple
  2008 | Temple   | Became a worshipper of Gozag Ym Sagoz the Greedy
  2102 | D:4      | Reached skill level 8 in Unarmed Combat
  2303 | D:4      | Reached XP level 8. HP: 43/50 MP: 8/8
  3510 | D:3      | Found the +5 robe of Misfortune {Harm *Corrode *Slow EV+5}
  4317 | D:5      | Reached skill level 9 in Unarmed Combat
  5237 | D:7      | Noticed a wyvern
  5249 | D:7      | Killed a wyvern
  5250 | D:7      | Reached skill level 10 in Unarmed Combat
  5458 | D:7      | Found Xeenk's Antique Armour Boutique.
  5516 | D:7      | Reached XP level 9. HP: 48/55 MP: 9/9
  5633 | D:7      | Found a runed translucent door.
  5634 | D:7      | Noticed Crazy Yiuf
  5797 | D:7      | Reached skill level 11 in Unarmed Combat
  6248 | D:7      | Noticed Maurice
  6324 | D:8      | Noticed Jeremiah
  6539 | D:8      | Reached skill level 1 in Throwing
  6661 | D:7      | Maurice stole a staff of earth
  6663 | D:7      | Killed Maurice
  6664 | D:7      | Reached skill level 12 in Unarmed Combat
  6898 | D:8      | Noticed a two-headed ogre
  7076 | D:7      | Identified a scroll of acquirement
  7396 | D:8      | Killed a two-headed ogre
  7397 | D:8      | Reached skill level 13 in Unarmed Combat
  7397 | D:8      | Reached XP level 10. HP: 65/65 MP: 10/10
  7519 | D:8      | Killed Jeremiah
  8078 | D:8      | Found a staircase to the Lair.
  8171 | D:8      | Gained mutation: You are clumsy. (Dex -2) [potion of
                  | mutation]
  8171 | D:8      | Gained mutation: You do not regenerate when monsters are
                  | visible. [potion of mutation]
  8171 | D:8      | Gained mutation: You are covered in fur. (AC +1) [potion of
                  | mutation]
  8172 | D:8      | HP: 2/65 [killer bee (4)]
  8172 | D:8      | Slain by a killer bee

Illustrated notes

Levels and vault maps discovered:
D:1:      minmay_arrival_five_plusses, layout_basic
D:2:      layout_rooms
D:3:      kennysheep_six_static_rooms, layout_loops_cross
D:4:      layout_basic, kennysheep_small_square, uniq_blork_the_orc
D:5:      layout_loops_corners, serial_shops, shop, uniq_edmund
D:6:      layout_basic, minmay_temple_entry_water_ring
D:7:      layout_loops_cross, serial_shops, shop, uniq_maurice,
          uniq_crazy_yiuf_cottage
D:8:      layout_layer_cave, lair_entry_dummy, uniq_jeremiah
D:9:      layout_cave_pools
Temple:   eino_temple_rhombus

Skill      XL: |  1  2  3  4  5  6  7  8  9 |
---------------+----------------------------+-----
Unarmed Combat | 1 2 3 5 7 8 10 13 | 13.1
Fighting       | 2 4 |  4.4
Throwing       | 2 |  2.6
Dodging        | |  2.3
Stealth        | |  1.3
Evocations     | |  3.2

Action                     |  1- 3 |  4- 6 |  7- 9 | 10-12 || total
---------------------------+-------+-------+-------+-------++-------
  Melee: Unarmed           |    60 |    36 |   259 |     8 ||   363
         Constrict         |    14 |     7 |    55 |     1 ||    77
         Punch             |     2 |     1 |    25 |     1 ||    29
         Tentacles         |     5 |    12 |    52 |     1 ||    70
  Throw: Dart              |       |       |    22 |       ||    22
  Evoke: Wand              |     1 |    19 |    14 |     1 ||    35
    Use: Scroll            |       |       |    11 |       ||    11
         Potion            |       |       |     5 |     3 ||     8
   Stab: Sleeping          |     2 |     3 |     9 |       ||    14
 Armour: Skin              |    23 |    17 |   107 |    18 ||   165
  Dodge: Dodged            |    49 |    15 |   151 |    20 ||   235
